 Dungeon Crawl Stone Soup version 0.23.2 (webtiles) character file.

Game seed: 1427945178288169997

55 Kinoniko the Skirmisher (level 3, 0/29 HPs)
             Began as a Demonspawn Abyssal Knight on Apr 2, 2019.
             Was a Follower of Lugonu.
             Slain by an orc wizard
             ... wielding a +3 dagger
              (2 damage)
             ... on level 3 of the Dungeon.
             The game lasted 00:05:01 (2528 turns).

Kinoniko the Skirmisher (Demonspawn Abyssal Knight) Turns: 2528, Time: 00:05:01

Health: 0/29       AC:  4    Str: 12    XL:     3   Next: 67%
Magic:  4/4        EV: 11    Int: 13    God:    Lugonu [*.....]
Gold:   65         SH:  0    Dex: 13    Spells: 2/2 levels left

rFire    . . .     SeeInvis .   a - +2 short sword
rCold    . . .     Gourm    .   (no shield)
rNeg     . . .     Faith    .   b - +0 leather armour
rPois    .         Spirit   .   (helmet restricted)
rElec    .         Reflect  .   j - +0 cloak
rCorr    .         Harm     .   (no gloves)
MR       .....                  (no boots)
Stlth    +.........             o - amulet of rage
HPRegen  0.09/turn              (no ring)
MPRegen  0.09/turn              (no ring)

@: no status effects
A: antennae 1, talons 1
a: Depart the Abyss, Renounce Religion, Evoke Berserk Rage


You were on level 3 of the Dungeon.
You worshipped Lugonu.
Lugonu was aware of your devotion.
You were not hungry.

You visited 1 branch of the dungeon, and saw 3 of its levels.
You visited the Abyss 1 time.

You collected 65 gold pieces.

Inventory:

Hand Weapons
 a - a +2 short sword (weapon)
Armour
 b - a +0 leather armour (worn)
 j - a +0 cloak (worn)
Jewellery
 o - an amulet of rage (around neck)
Scrolls
 d - a scroll of teleportation
 f - a scroll of magic mapping
Potions
 e - a potion of resistance {unknown}
 g - a potion of agility {unknown}
 h - 2 potions of curing {unknown}
 i - 2 potions of haste {unknown}
 k - a potion of heal wounds {unknown}
 n - a potion of mutation {unknown}
Comestibles
 c - 2 rations


   Skills:
 + Level 3.5 Fighting
 + Level 2.4 Short Blades
 + Level 2.5 Armour
 + Level 1.2 Dodging
 + Level 2.5 Invocations


You had 2 spell levels left.
You didn't know any spells.
Your spell library was empty.

Dungeon Overview and Level Annotations

Branches:
Dungeon (3/15)

Altars:


Innate Abilities, Weirdness & Mutations

You have a pair of small antennae on your head.
You have sharp toenails.


Message History

The orc wizard misses you. The orc hits you with a +0 flail.
You puncture the orc!
You kill the orc!
Lugonu accepts your kill.
The orc wizard casts a spell.
The orc wizard flickers and vanishes!
Deactivating autopickup; reactivate with Ctrl-A.
Things that are here:
a +0 flail; an orc corpse You closely miss something.
You claw something. Something hits you but does no damage.
You barely miss something. Your kick misses something.
The orc wizard hits you but does no damage.
You hear some strange, mumbled words.
A puff of flame appears from out of thin air!
The puff of flame hits you!
* * * LOW HITPOINT WARNING * * *
You closely miss something. Something hits you but does no damage.
The orc wizard hits you with a +3 dagger.
You die...

(. .# ####
..
....##.##
........#
#.....#
#.....#
.#######)##
.....(.@{.#
.#####o#<.#
..o#..#
........#
......##...
.#.###
##..# ...
#.# ## ..
#.#


You could see an orc wizard and an orc.

Vanquished Creatures
  An adder (D:2)
  An ooze (D:1)
  3 dart slugs (D:2)
  A leopard gecko (D:1)
  An orc (D:3)
  5 bats
  A giant cockroach (D:2)
  5 goblins
  4 hobgoblins
  5 kobolds
  A frilled lizard (D:2)
  3 rats (D:1)
31 creatures vanquished.

Notes
Turn   | Place    | Note
-------+----------+-------------------------------------------
     0 | Abyss:1  | Kinoniko the Demonspawn Abyssal Knight began the quest for
                  | the Orb.
     0 | Abyss:1  | Reached XP level 1. HP: 18/18 MP: 2/2
    52 | Abyss:1  | Noticed a starcursed mass
    61 | D:1      | Escaped the Abyss
   505 | D:1      | Gained mutation: You have sharp toenails. [demonic
                  | ancestry]
   505 | D:1      | Reached XP level 2. HP: 24/24 MP: 3/3
   739 | D:1      | Reached * piety under Lugonu
  1104 | D:2      | Reached skill level 1 in Dodging
  1122 | D:2      | Gained mutation: You have a pair of small antennae on your
                  | head. [demonic ancestry]
  1122 | D:2      | Reached XP level 3. HP: 11/29 MP: 4/4
  2528 | D:3      | Slain by an orc wizard

Skill      XL: |  1  2 |
---------------+-------+-----
Armour         | 2 |  2.5
Short Blades   | 2 |  2.4
Dodging        | 1 |  1.2
Fighting       | |  3.5
Invocations    | |  2.5

Action                   || total
-------------------------++-------
Melee: Short sword       ||   115
       Kick              ||    14
Invok: Depart the Abyss  ||     1
  Use: Scroll            ||     5
  Eat: Ration            ||     2
Armor: Leather armour    ||    32
Dodge: Dodged            ||    70
